 Dungeon Crawl Stone Soup version 0.29.1-15-g9cfb28693d (webtiles) character file.

Game seed: 10056611607513879783

2718 Descartes the Ducker (level 9, -3/45 HPs)
             Began as a Deep Elf Fire Elementalist on Mar 15, 2023.
             Was an Initiate of Gozag.
             Slain by a killer bee (7 damage)
             ... on level 8 of the Dungeon.
             The game lasted 00:17:13 (8572 turns).

Descartes the Ducker (Deep Elf Fire Elementalist)   Turns: 8572, Time: 00:17:14

Health: -3/45      AC: 10    Str: 14    XL:     9   Next: 39%
Magic:  18/18      EV: 15    Int: 27    God:    Gozag
Gold:   125        SH:  0    Dex: 15    Spells: 17/18 levels left

rFire   + + +      SeeInvis .   H - +8 halberd "Izxoreddu" {drain, rF+}
rCold   . . .      Faith    .   (shield currently unavailable)
rNeg    . . .      Spirit   .   x - +1 robe of the Shoals {Rampage rF+ Str+2}
rPois   .          Reflect  .   f - +0 hat
rElec   .          Harm     .   i - +0 cloak
rCorr   .          Rampage  +   (no gloves)
Will    .....                   y - +1 pair of boots
Stlth   ++........              u - amulet of magic regeneration
HPRegen 0.15/turn               G - ring of the Stag {AC+4 Str+7 Int+2}
MPRegen 0.56/turn               o - ring of protection from fire

@: lethally poisoned (-3 -> -12), gold aura
A: no striking features
a: Renounce Religion, Potion Petition, Call Merchant, Bribe Branch


You were on level 8 of the Dungeon.
You worshipped Gozag.
Gozag was aware of your devotion.
You visited 2 branches of the dungeon, and saw 9 of its levels.

You collected 1069 gold pieces.
You spent 910 gold pieces at shops.
You paid 34 gold pieces to Gozag.

Inventory:

Hand Weapons
 H - the +8 halberd "Izxoreddu" (weapon) {drain, rF+}
   (You bought it in a shop on level 6 of the Dungeon)

   A truly terrible weapon, it drains the life of any living foe it strikes.
   rF:        It protects you from fire.
Missiles
 p - 12 poisoned darts
 w - 4 curare-tipped darts
Armour
 f - a +0 hat (worn)
 i - a +0 cloak (worn)
 x - the +1 robe of the Shoals (worn) {Rampage rF+ Str+2}
   (You bought it in a shop on level 1 of the Dungeon)

   Str:       It affects your strength (+2).
   rF:        It protects you from fire.
   Rampage:   It bestows one free step when moving towards enemies.
 y - a +1 pair of boots (worn)
Jewellery
 d - a +6 ring of dexterity
 o - a ring of protection from fire (right hand)
 u - an amulet of magic regeneration (around neck)
 G - the ring of the Stag (left hand) {AC+4 Str+7 Int+2}
   (You bought it in a shop on level 6 of the Dungeon)

   [ring of protection]

   AC:        It affects your AC (+4).
   Str:       It affects your strength (+7).
   Int:       It affects your intelligence (+2).
Wands
 r - a wand of charming (15)
 I - a wand of quicksilver (7)
Scrolls
 k - a scroll of enchant armour
 n - 3 scrolls of amnesia
 q - 3 scrolls of noise
Potions
 a - 2 potions of might {unknown}
 b - 2 potions of magic
 c - 4 potions of heal wounds
 e - a potion of attraction {unknown}
 l - 2 potions of curing
 m - a potion of brilliance {unknown}
 s - a potion of cancellation {unknown}
 t - a potion of berserk rage {unknown}
 z - 4 potions of flight {unknown}
 A - 3 potions of resistance {unknown}
 B - 2 potions of lignification {unknown}


   Skills:
 + Level 7.1 Dodging
 - Level 2.4 Stealth
 - Level 5.0 Spellcasting
 + Level 6.4 Conjurations
 + Level 7.1 Fire Magic
 + Level 6.3 Poison Magic
 - Level 5.0 Evocations


You had 17 spell levels left.
You knew the following spells:

 Your Spells              Type           Power      Damage    Failure   Level
a - Foxfire               Conj/Fire      100%       2x1d9     1%          1

Your spell library contained the following spells:

 Spells                   Type           Power      Damage    Failure   Level
 Scorch                   Fire           90%        2d9       1%          2
 Conjure Flame            Conj/Fire      43%        6-21      1%          3
 Ignite Poison            Fire/Tmut/Pois 31%        N/A       3%          3
 Mephitic Cloud           Conj/Pois/Air  29%        N/A       3%          3
 Inner Flame              Hex/Fire       26%        N/A       4%          3
 Flame Wave               Conj/Fire      43%        2d11      4%          4
 Freeze                   Ice            24%        1d5       7%          1
 Hailstorm                Conj/Ice       24%        3d7       19%         4
 Frozen Ramparts          Ice            12%        1d2       22%         3
 Portal Projectile        Hex/Tloc       12%        N/A       22%         3
 Tukima's Dance           Hex            6%         N/A       22%         3
 Freezing Cloud           Conj/Ice/Air   9%         6-21      63%         5
 Blade Hands              Tmut           3%         N/A       89%         5
 Malign Gateway           Summ/Tloc      3%         N/A       100%        7
 Summon Horrible Things   Summ           3%         N/A       100%        8


Dungeon Overview and Level Annotations

Branches:
Dungeon (8/15)             Temple (1/1) D:4
   Lair: D:8-11

Altars:
Ashenzari
Cheibriados
Dithmenos
Elyvilon
Fedhas
Gozag
Hepliaklqana
Kikubaaqudgha
Makhleb
Nemelex Xobeh
Okawaru
Qazlal
Ru
Sif Muna
Trog
Uskayaw
Vehumet
Xom
Yredelemnul
Zin
Lugonu

Shops:
D:1 *   D:6 *


Message History

The killer bee stings you but does no damage. x3
The killer bee closely misses you. The killer bee completely misses you.
You feel much better.
You feel very sick. The killer bee closely misses you.
The killer bee stings you.
You are more poisoned.
The killer bee poisons you! The killer bee closely misses you.
The killer bee stings you but does no damage.
Okay, then.
Okay, then.
You puncture the killer bee!
The killer bee is severely wounded.
You feel very sick. The killer bee barely misses you.
The killer bee closely misses you. The killer bee stings you.
You are lethally poisoned!
The killer bee poisons you! The killer bee closely misses you.
The killer bee barely misses you. x2
You barely miss the killer bee.
The killer bee is severely wounded.
You feel extremely sick. The killer bee misses you.
The killer bee closely misses you. The killer bee completely misses you.
The killer bee stings you.
* * * LOW HITPOINT WARNING * * *
The killer bee barely misses you. The killer bee misses you.
You barely miss the killer bee.
The killer bee is severely wounded.
* * * LOW HITPOINT WARNING * * *
You feel very sick. The killer bee barely misses you.
The killer bee completely misses you. The killer bee misses you.
The killer bee completely misses you. The killer bee barely misses you.
The killer bee misses you.
You slice the killer bee!!
You kill the killer bee!
* * * LOW HITPOINT WARNING * * *
You feel very sick.
The killer bee is distracted by your dazzling golden aura.
The killer bee stings you!
You die...
Your body crumbles into a pile of gold.

........####...#.#
.......## ##.##.#
......## ####.#
##...## #.# ##+##
#.# ###.# # #.#
).#.# . #.#
..#.##.# #.#####$#
..+..#.# #..yyyy@#
..#....##...######
..#..# # ##'.#
..#.#####.#
..#.......#
..'.####### ..#.#
..#.#


You could see 4 killer bees.

Vanquished Creatures
  A two-headed ogre (D:7)
  Grinder (D:4)
  A steam dragon (D:8)
  Menkaure (D:4)
  An ice beast (D:6)
  2 sky beasts (D:7)
  3 black bears (D:6)
  A phantom (D:6)
  A kobold brigand (D:6)
  2 bullfrogs
  2 scorpions
  2 killer bees (D:8)
  An orc priest (D:8)
  2 gnoll boudas (D:6)
  2 jellies
  4 iguanas
  4 orc wizards
  16 gnolls
  11 adders
  A white imp (D:6)
  A worm (D:5)
  6 dart slugs
  13 orcs
  7 bats
  7 endoplasms
  3 giant cockroaches
  9 goblins
  10 hobgoblins
  9 jackals
  8 quokkas
  7 ball pythons
  2 frilled lizards
  14 kobolds
  4 rats
  A spectral goblin (D:1)
160 creatures vanquished.

Vanquished Creatures (collateral kills)
  6 foxfires
6 creatures vanquished.

Vanquished Creatures (others)
  A human (D:5)
  A goblin (D:4)
  A quokka (D:4)
  A ball python (D:4)
  765 foxfires
  23 plants (D:5)
792 creatures vanquished.

Grand Total: 958 creatures vanquished

Notes
Turn   | Place    | Note
-------+----------+-------------------------------------------
     0 | D:1      | Descartes the Deep Elf Fire Elementalist began the quest
                  | for the Orb.
     0 | D:1      | Reached XP level 1. HP: 10/10 MP: 6/6
   119 | D:1      | Found Jymnul's Assorted Antiques.
   204 | D:1      | Reached XP level 2. HP: 15/15 MP: 5/8
   279 | D:1      | Found a faded altar of an unknown god.
   792 | D:2      | Reached skill level 1 in Poison Magic
  1001 | D:2      | Reached XP level 3. HP: 19/19 MP: 5/9
  1128 | D:2      | Reached skill level 1 in Evocations
  1270 | D:2      | Found a shimmering blue altar of Sif Muna.
  1278 | D:2      | Reached XP level 4. HP: 24/24 MP: 5/11
  2751 | D:3      | Found an opulent altar of Gozag.
  2762 | D:3      | Became a worshipper of Gozag Ym Sagoz the Greedy
  3246 | D:4      | You fall into a shaft and drop 1 floor!
  3246 | D:5      | Entered Level 5 of the Dungeon
  3301 | D:5      | Found a shimmering blue altar of Sif Muna.
  3308 | D:5      | Reached XP level 5. HP: 28/28 MP: 7/12
  3719 | D:5      | Reached XP level 6. HP: 32/32 MP: 9/14
  3778 | D:5      | Found an ancient bone altar of Kikubaaqudgha.
  3778 | D:5      | Noticed a human
  3783 | D:5      | Killed a human
  3889 | D:5      | Found a glowing drain.
  4388 | D:4      | Found a staircase to the Ecumenical Temple.
  4388 | D:4      | Noticed Menkaure
  4392 | D:4      | Killed Menkaure
  4402 | Temple   | Entered the Ecumenical Temple
  4468 | D:4      | Noticed Grinder
  4477 | D:4      | Paralysed by Grinder for 4 turns
  4484 | D:4      | Killed Grinder
  4485 | D:4      | Reached skill level 5 in Spellcasting
  4485 | D:4      | Reached XP level 7. HP: 30/36 MP: 5/16
  4597 | D:4      | Found a sacrificial altar of Ru.
  4779 | D:4      | Found a sparkling altar of Nemelex Xobeh.
  4810 | D:4      | Found a snail-covered altar of Cheibriados.
  4845 | D:4      | Found a shimmering altar of Xom.
  4969 | D:4      | Found an iron altar of Okawaru.
  5183 | D:4      | Found a hide-covered altar of Uskayaw.
  5343 | D:1      | Bought a sheer robe for 148 gold pieces
  5343 | D:1      | Identified the +1 robe of the Shoals {Rampage rF+ Str+2}
                  | (You bought it in a shop on level 1 of the Dungeon)
  5919 | D:6      | Found Fixarisina's Assorted Antiques.
  5924 | D:6      | Reached skill level 5 in Fire Magic
  6083 | D:6      | Reached skill level 5 in Dodging
  6083 | D:6      | Reached XP level 8. HP: 41/41 MP: 13/17
  6437 | D:6      | Found a broken altar of Ashenzari.
  6449 | D:6      | Reached skill level 5 in Conjurations
  6462 | D:6      | Reached skill level 5 in Poison Magic
  7313 | D:7      | Noticed a two-headed ogre
  7328 | D:7      | Killed a two-headed ogre
  7329 | D:7      | Reached skill level 5 in Evocations
  7329 | D:7      | Reached XP level 9. HP: 45/45 MP: 13/18
  7663 | D:7      | Found a white marble altar of Elyvilon.
  8020 | D:6      | Bought a scroll labelled USUMPIAHEA for 20 gold pieces
  8020 | D:6      | Bought a vibrating lapis lazuli ring for 100 gold pieces
  8020 | D:6      | Identified the ring of the Stag {AC+4 Str+7 Int+2} (You
                  | bought it in a shop on level 6 of the Dungeon)
  8020 | D:6      | Bought a crystal halberd for 180 gold pieces
  8020 | D:6      | Identified the +8 halberd "Izxoreddu" {drain, rF+} (You
                  | bought it in a shop on level 6 of the Dungeon)
  8020 | D:6      | Bought 2 dark potions for 36 gold pieces
  8135 | D:1      | Bought a scroll of amnesia for 104 gold pieces
  8135 | D:1      | Bought a green potion for 23 gold pieces
  8135 | D:1      | Bought a scroll of enchant armour for 195 gold pieces
  8135 | D:1      | Bought a glowing ivory wand for 104 gold pieces
  8416 | D:8      | Found a blossoming altar of Fedhas.
  8572 | D:8      | Slain by a killer bee

Illustrated notes

Levels and vault maps discovered:
D:1:      psy_arrival_whirlpool, layout_rooms, serial_shops,
          nicolae_shop_waterfront, dreamdust_ecumenical_altar_drowned_temple
D:2:      layout_loops_ring, basic_altar
D:3:      layout_loops_ring, grunt_gozag_breadcrumbs, minivault_27, st_stairs_9,
          minmay_distorted
D:4:      layout_rooms, lemuel_doored_altar, xom_confusion_cloud,
          nicolae_ru_sacrificial_ziggurat, mainiacjoe_overflow_chevrons,
          okawaru_altar_gauntlet_db, marbit_many_paths, temple_green,
          bh_walls_and_bars, uniq_grinder, uniq_menkaure
D:5:      layout_loops_ring, tgw_kikubaaqudgha,
          mainiacjoe_overflow_cross_hatched, cheibrodos_sewer_entry_bend,
          chequers_serial_rivers_micro_e
D:6:      layout_layer_cave, serial_shops, shop_fountains, minmay_ruined_shrine
D:7:      layout_basic, lemuel_tele_altar
D:8:      layout_loops_corners, mainiacjoe_overflow_24_doors, tso_altar,
          lemuel_crystal_altar, mainiacjoe_overflow_tiny_flanked,
          nicolae_ossuary_entry_monument, uniq_psyche, uniq_maurice,
          uniq_gastronok
Temple:   corrupted_temple

Skill      XL: |  1  2  3  4  5  6  7  8  9 |
---------------+----------------------------+-----
Poison Magic   | 1 2 3 4 5 6 |  6.3
Evocations     | 1 2 3 5 |  5.0
Conjurations   | 2 3 4 5 6 |  6.4
Dodging        | 3 4 5 6 7 |  7.1
Fire Magic     | 4 5 6 7 |  7.1
Spellcasting   | 4 5 |  5.0
Stealth        | |  2.4

Action                   |  1- 3 |  4- 6 |  7- 9 || total
-------------------------+-------+-------+-------++-------
Melee: Whip              |     1 |       |       ||     1
       Spear             |       |       |     4 ||     4
       Halberd           |       |       |    13 ||    13
 Cast: Foxfire           |    73 |   141 |   240 ||   454
  Use: Scroll            |       |     4 |     9 ||    13
       Potion            |       |       |     4 ||     4
Armor: Robe              |     2 |    11 |    28 ||    41
Dodge: Dodged            |     9 |    24 |   100 ||   133
